 Dungeon Crawl Stone Soup version 0.28-a0-1555-g9ae15a6949 (webtiles) character file.

Game seed: 17759397868172103393

161 mordus the Sneak (level 5, -9/24 HPs)
             Began as a Spriggan Fire Elementalist on Jan 10, 2022.
             Killed from afar by Natasha (10 damage)
             ... with a magic dart
             ... on level 2 of the Dungeon on Jan 18, 2022.
             The game lasted 00:15:12 (3530 turns).

mordus the Sneak (Spriggan Fire Elementalist)       Turns: 3530, Time: 00:15:15

Health: -9/24      AC:  2    Str:  6    XL:     5   Next: 19%
Magic:  7/10       EV: 17    Int: 17    God:
Gold:   199        SH:  0    Dex: 15    Spells: 3/9 levels left

rFire   . . .      SeeInvis +   m - +3 dagger (venom)
rCold   . . .      Faith    .   (no shield)
rNeg    . . .      Spirit   .   a - +0 robe
rPois   .          Reflect  .   (helmet restricted)
rElec   .          Harm     .   (no cloak)
rCorr   .          Rampage  .   (gloves unavailable)
Will    .....                   (boots unavailable)
Stlth   +++.......              (no amulet)
HPRegen 0.08/turn               (no ring)
MPRegen 0.12/turn               (no ring)

@: very quick
A: very small, no large weapons, unfitting armour, see invisible, speed 3
a: no special abilities


You were on level 2 of the Dungeon.
You visited 1 branch of the dungeon, and saw 3 of its levels.

You collected 199 gold pieces.

Inventory:

Hand Weapons
 m - a +3 dagger of venom (weapon)
Armour
 a - a +0 robe (worn)
 n - a scarf of harm
Magical Staves
 b - a staff of earth
 l - a staff of cold
Wands
 o - a wand of digging (6)
Scrolls
 i - a scroll of magic mapping
Potions
 c - a potion of attraction {unknown}
 d - a potion of curing
 f - 2 potions of degeneration {unknown}
 h - 2 potions of brilliance {unknown}
 k - a potion of heal wounds {unknown}


   Skills:
 + Level 1.7 Short Blades
 - Level 2.6 Dodging
 * Level 5.5 Stealth
 - Level 2.6 Spellcasting
 + Level 1.5 Conjurations
 * Level 3.4 Fire Magic


You had 3 spell levels left.
You knew the following spells:

 Your Spells              Type           Power      Damage    Failure   Level
a - Foxfire               Conj/Fire      40%        2x1d6     6%          1
b - Scorch                Fire           28%        2d6       7%          2
c - Conjure Flame         Conj/Fire      10%        6-21      19%         3

Your spell library contained the following spells:

 Spells                   Type           Power      Damage    Failure   Level
 Apportation              Tloc           4%         N/A       19%         1
 Inner Flame              Hex/Fire       8%         N/A       26%         3
 Flame Wave               Conj/Fire      10%        2d5       54%         4
 Alistair's Intoxication  Tmut/Pois      1%         N/A       99%         5


Dungeon Overview and Level Annotations

Branches:
Dungeon (3/15)

Altars:

Annotations:
D:2 Natasha
D:3 Grinder


Innate Abilities, Weirdness & Mutations

You are very small and have problems with some larger weapons.
You are too small for most types of armour.
You have supernaturally acute eyesight. (SInv)
You cover ground extremely quickly. (Speed+++)


Message History

Confirm with . or Enter, or press ? or * to list all spells.
You can't see any susceptible monsters within range! (Use Z to cast anyway.)
There is a stone staircase leading up, spattered with blood here.
You climb upwards.
Level annotation: Natasha
There is a stone staircase leading down here.
You start resting.
Magic restored.
You start resting.
Natasha is nearby!
Casting: Scorch (safe; 7% risk of failure)
Confirm with . or Enter, or press ? or * to list all spells.
Okay, then.
Natasha hisses angrily.
Natasha mumbles some strange words.
Casting: Scorch (safe; 7% risk of failure)
Confirm with . or Enter, or press ? or * to list all spells.
You conjure some foxfire!
The foxfire hits Natasha.
Natasha is lightly wounded.
Unknown command.
You miss Natasha.
Natasha is lightly wounded.
You closely miss Natasha.
Natasha is lightly wounded.
Natasha stares at you and mumbles some strange words.
The magic dart hits you.
You hit Natasha.
Natasha is poisoned.
Natasha is lightly wounded.
Natasha claws you!
* * * LOW HITPOINT WARNING * * *
Unknown command.
Your foxfire dissipates!
Casting: Foxfire (safe; 6% risk of failure)
Confirm with . or Enter, or press ? or * to list all spells.
Flames lash Natasha.
Natasha is almost dead.
Natasha's fire resistance burns away.
Natasha casts a spell at you. The magic dart hits you!
You die...

............#
............##
.............#####
###.........h....#
#........#.###.#
##########.# #5#
#.###h# #..##.#
#.>##@# ##.##.#
#.##.# #....#
######


You could see Natasha (very poisoned, combustible) and a crimson imp (summoned).

Vanquished Creatures
  Natasha (twice) (D:2)
  Ijyb (D:3)
  Robin (D:3)
  An adder (D:2)
  A dart slug (D:2)
  6 orcs
  2 endoplasms
  4 giant cockroaches
  11 goblins
  6 hobgoblins
  4 quokkas
  5 ball pythons
  3 bats
  2 frilled lizards (D:1)
  8 kobolds
57 creatures vanquished.

Vanquished Creatures (others)
  150 foxfires
150 creatures vanquished.

Grand Total: 207 creatures vanquished

Notes
Turn   | Place    | Note
-------+----------+-------------------------------------------
     0 | D:1      | mordus the Spriggan Fire Elementalist began the quest for
                  | the Orb.
     0 | D:1      | Reached XP level 1. HP: 9/9 MP: 5/5
     0 | D:1      | Upgraded the game from 0.28-a0-1447-ga5a8893891 to
                  | 0.28-a0-1555-g9ae15a6949
   367 | D:1      | Reached XP level 2. HP: 13/13 MP: 3/6
   430 | D:1      | Reached skill level 1 in Conjurations
  1215 | D:2      | Reached skill level 4 in Stealth
  1263 | D:2      | Reached XP level 3. HP: 16/16 MP: 8/8
  1326 | D:2      | Found a faded altar of an unknown god.
  1368 | D:2      | Noticed Natasha
  1470 | D:2      | Killed Natasha
  1471 | D:2      | Reached skill level 1 in Short Blades
  1987 | D:2      | Learned a level 2 spell: Scorch
  1991 | D:2      | Learned a level 3 spell: Conjure Flame
  2015 | D:3      | Reached XP level 4. HP: 21/21 MP: 9/9
  2046 | D:3      | Noticed Grinder
  2336 | D:2      | Noticed Natasha
  2346 | D:2      | Killed Natasha
  2389 | D:3      | Noticed Robin
  2396 | D:3      | Reached skill level 5 in Stealth
  2438 | D:3      | Killed Robin
  2592 | D:3      | Noticed Ijyb
  2613 | D:3      | Killed Ijyb
  2614 | D:3      | Reached XP level 5. HP: 5/24 MP: 2/10
  2988 | D:2      | Noticed Natasha
  3528 | D:2      | HP: 1/24 [Natasha (9)]
  3530 | D:2      | Killed from afar by Natasha

Illustrated notes

Levels and vault maps discovered:
D:1:      nicolae_arrival_somewhat_less_tricky_arrival, layout_basic
D:2:      layout_basic, chequers_ecumenical_altar_island, uniq_natasha
D:3:      layout_basic, st_stairs_11, small_statue_alley_b,
          chequers_decorated_corner, uniq_robin, uniq_grinder, uniq_ijyb

Skill      XL: |  1  2  3  4 |
---------------+-------------+-----
Conjurations   | 1 |  1.5
Stealth        | 4 5 |  5.5
Short Blades   | 1 |  1.7
Fire Magic     | 3 |  3.4
Dodging        | |  2.6
Spellcasting   | |  2.6

Action                   |  1- 3 |  4- 6 || total
-------------------------+-------+-------++-------
Melee: Dagger            |    22 |    40 ||    62
 Cast: Foxfire           |    49 |    41 ||    90
       Scorch            |       |     7 ||     7
  Use: Scroll            |       |     6 ||     6
 Stab: Sleeping          |     5 |       ||     5
Armor: Robe              |       |     3 ||     3
Dodge: Dodged            |    29 |    26 ||    55

Table legend: (Time is in decaauts)
 A = Elapsed time spent in this place.
 B = Non-inter-level travel time spent in this place.
 C = Inter-level travel time spent in this place.
 D = Time resting spent in this place.
 E = Time spent auto-exploring this place.
 F = Levels seen in this place.
 G = Mean time per level.
                   A        B        C        D        E       F      G
               +--------+--------+--------+--------+--------+-----+--------+
         Total |   2871 |   2839 |     32 |    868 |   1389 |   3 |  957.0 |
       Dungeon |   2871 |   2839 |     32 |    868 |   1389 |   3 |  957.0 |
               +--------+--------+--------+--------+--------+-----+--------+

Top non-repeatable levels by time:
     D:2: 1344 daAuts
     D:3: 804 daAuts
     D:1: 722 daAuts
